AoeStats
← Kenny

Arena

509961119Analyzed
3v3 RM · 3d ago on Sep 28, 2026· 65m 29s· 6 players
Game mode
Random Map
Map size
Normal (6 player)
Population
200
Speed
Normal
Resources
Standard
Victory
Conquest
Starting age
Dark Age
Ending age
Imperial Age
RankedLock teamsTeams togetherTeam positionsShared explorationLock speedFull tech treeHidden civsTurbo modeCheats
Victory
Defeat
🇦🇷 Mongols · Argentina
1074
+14
🇦🇷 Turks · Argentina
1007
+17
🇦🇷 Sicilians · Argentina
934
+20
🇮🇳 Burmese · India
1229
-24
🇮🇳 Aztecs · India
1215
-23
🇮🇳 Celts · India
623
-4
Mushu
10:56 Feudal Age
9:14 Loom
12:43 Double-Bit Axe
15:54 Castle Age
15:16 Fletching
15:26 Padded Archer Armor
15:10 Horse Collar
17:18 Bow Saw
21:22 Heavy Plow
26:52 Bodkin Arrow
28:34 Wheelbarrow
27:44 Town Watch
32:21 Imperial Age
31:23 Thumb Ring
32:50 Ballistics
33:17 Bracer
33:33 Leather Archer Armor
34:20 Chemistry
36:58 Hand Cart
36:11 Elite Mangudai
37:12 Conscription
38:18 Capped Ram
39:23 Drill
39:33 Drill
39:42 Gold Mining
39:43 Stone Mining
39:45 Siege Ram
40:43 Bloodlines
40:34 Husbandry
39:54 Light Cavalry
41:08 Fortified Wall
41:45 Gold Shaft Mining
41:45 Stone Shaft Mining
42:53 Hussar
44:52 Masonry
44:57 Forging
44:52 Scale Barding Armor
46:55 Iron Casting
46:43 Chain Barding Armor
56:06 Spies/Treason
Nordico12
12:17 Feudal Age
12:59 Feudal Age
16:57 Castle Age
15:05 Double-Bit Axe
21:26 Imperial Age
19:10 Loom
52:38 Fortified Wall
65:01 Conscription
64:08 Spies/Treason
Kenny
3:55 Loom
11:04 Loom
12:40 Loom
15:10 Feudal Age
19:49 Feudal Age
28:52 Scale Mail Armor
29:04 Forging
30:04 Forging
67:05 Castle Age
Aaaaaaah Do
10:36 Feudal Age
11:52 Loom
15:01 Castle Age
12:47 Horse Collar
13:38 Gold Mining
17:33 Redemption
17:50 Fervor
22:11 Husbandry
22:22 Bloodlines
24:26 Heavy Plow
38:13 Wheelbarrow
39:16 Hand Cart
41:21 Elite Skirmisher
42:43 Fletching
42:53 Padded Archer Armor
44:15 Bodkin Arrow
45:55 Ballistics
56:09 Caravan
Lurker
10:45 Feudal Age
14:50 Castle Age
19:41 Horse Collar
19:47 Double-Bit Axe
30:02 Loom
30:57 Gold Mining
31:51 Wheelbarrow
33:28 Gold Shaft Mining
34:09 Bow Saw
34:03 Heavy Plow
34:09 Arson
34:25 Squires
35:23 Hand Cart
34:53 Eagle Warrior
38:26 Imperial Age
36:09 Scale Mail Armor
36:19 Forging
38:29 Elite Eagle Warrior
39:32 Garland Wars
39:35 Conscription
40:56 Chain Mail Armor
40:51 Forging
42:44 Plate Mail Armor
44:35 Iron Casting
44:47 Fletching
44:57 Padded Archer Armor
45:40 Bodkin Arrow
45:46 Elite Skirmisher
47:12 Elite Jaguar Warrior
48:45 Ballistics
bmo
6:56 Loom
9:13 Feudal Age
9:34 Horse Collar
9:40 Double-Bit Axe
16:56 Castle Age
18:27 Gold Mining
18:47 Heavy Plow
21:04 Bow Saw
22:11 Stone Mining
24:18 Gold Mining
28:42 Wheelbarrow
30:41 Hand Cart
31:19 Pikeman
34:13 Padded Archer Armor
34:03 Fletching
33:36 Elite Skirmisher
39:00 Imperial Age
41:30 Leather Archer Armor
41:11 Bodkin Arrow
Connection lost

Rejoining the realm…

Still unreachable

The connection could not be restored.

Session expired

The server has moved on; the page needs a fresh start.